Match 24900911
Unlisted

Match 24900911
End
Construct Infanterie Kompanie
Selects Luftwaffe Battlegroup
Selects Luftwaffe Pioneer Support
Fallschirmpioneer Squad Paradrop
Grenadier Squad
MG 42 Machine Gun Team
MG 42 Machine Gun Team
Construct Panzergrenadier Kompanie
Selects Stuka Strafing Run
Grenadier Squad
Medical Bunker
Panzergrenadier Squad
Selects LG40 Recoilless Gun Paradrop
Pak 40 Anti-tank Gun Team
Wrathment
Shinzo Abe
0
0

Comments sign in to comment!

No comments posted yet!